[Event "AI Cup Div-1 2023"]
[Site "Online"]
[Date "2023.09.25"]
[Round "1.1"]
[White "Carlsen, Magnus"]
[Black "Nakamura, Hikaru"]
[Result "1-0"]
[Annotator "TA"]
[ECO "A30"]
[WhiteElo "2839"]
[BlackElo "2780"]
[PlyCount "91"]
[EventDate "2023.09.18"]
[EventType "k.o."]
[EventCountry "NET"]
[SourceTitle "playchess.com"]
[Source "ChessBase"]
[SourceQuality "1"]
[TimeControl "900+3"]

1. Nf3 Nf6 2. c4 b6 3. g3 Bb7 4. Bg2 e6 5. O-O Be7 6. Nc3 O-O 7. Re1 d5 8. cxd5 Nxd5 9. e4 Nxc3 10. bxc3 c5 11. d4 cxd4 12. cxd4 Nc6 13. Bb2 Na5 {[%emt 0:00:49] A30: Symmetrical English: Double Fianchetto and Hedgehog.} 14. Rc1 $5 {[%emt 0:00:53][%cal Od4d5][%mdl 4] Dodges Nc4 An interesting side line.} (14. d5 $5 ) 14... Rc8 {[%emt 0:00:07] Dodges d5} 15. Qd3 {[%emt 0:01:54] [#]} Qd7 $146 {[%emt 0:01:45] [#]} (15... Rxc1 $11 16. Rxc1 Qd6) ({Predecessor:} 15... Qd6 16. d5 Rxc1 17. Bxc1 exd5 18. exd5 Bxd5 19. Ng5 Bxg5 20. Bxg5 Qb4 21. Bd2 Bc4 22. Bxb4 Bxd3 23. Bxf8 Kxf8 {1-0 Kengis,E (2570)-Meijers,V (2463) Warsaw AIG Life rapid 2002 (4)}) 16. d5 $1 $14 Rxc1 17. Rxc1 $40 {[%emt 0:01:27][%mdl 128] White is up to no good.} exd5 18. Ne5 Qa4 19. exd5 Qxa2 20. Qc3 Bf6 21. Ra1 Qb3 22. Qxb3 Nxb3 23. Rxa7 Nc5 24. f4 Ra8 ({Black should play} 24... Rd8 $14) 25. Rxa8+ $16 Bxa8 {[%emt 0:00:00] [#]} 26. Kf2 (26. Ba3 $1 $16) 26... Kf8 27. Ke3 Ke8 28. Ba3 Be7 29. Nc4 b5 30. Ne5 Bb7 31. Nc6 {[%emt 0:00:28] White is more active.} Bxc6 32. dxc6 $14 {[%emt 0:00:03][%mdl 4096] Endgame KBB-KBN} Na6 33. Bb2 f6 34. Ke4 Bd6 35. h4 Ke7 36. h5 {[%emt 0:00:03][%cal Oh5h6] Hoping for h6!} (36. Bf1 $5 ) 36... g6 37. h6 (37. Bf1 $16) 37... Ke6 (37... Nb4 $11 {remains equal.}) 38. Bf1 $16 Nc7 {[%emt 0:00:05] [#]} 39. g4 (39. Kf3 $1 $16) 39... f5+ $11 40. Kf3 Bf8 $2 {[%emt 0:00:09] A mistake that costs the game.} (40... Nd5 $11 {and Black stays safe.}) 41. Bd3 {[%emt 0:00:07] Be5 would be deadly.} Bd6 (41... fxg4+ {was worth a try.} 42. Kxg4 Bxh6) 42. gxf5+ $18 gxf5 43. Bb1 Bf8 (43... b4 $142 44. Bc2 Bf8) 44. Be5 (44. Ba2+ $142 Ke7 45. Ba3+ Ke8 46. Bxf8 Kxf8 47. Bb1) 44... Bd6 (44... Ne8 $18 45. Ba2+ Ke7) 45. Bxd6 {[%emt 0:00:08][%mdl 64] Deflection} Kxd6 46. Bxf5 {[%emt 0:00:01] Weighted Error Value: White=0.38/Black=0.61} 1-0

[Event "AI Cup Div-1 2023"]
[Site "Online"]
[Date "2023.09.25"]
[Round "1.1"]
[White "Firouzja, Alireza"]
[Black "Vachier-Lagrave, Maxime"]
[Result "1/2-1/2"]
[Annotator "TA"]
[ECO "B97"]
[WhiteElo "2777"]
[BlackElo "2727"]
[PlyCount "77"]
[EventDate "2023.09.18"]
[EventType "k.o."]
[EventCountry "NET"]
[SourceTitle "playchess.com"]
[Source "ChessBase"]
[SourceQuality "1"]
[TimeControl "900+3"]

1. e4 c5 2. Nf3 d6 3. d4 cxd4 4. Nxd4 Nf6 5. Nc3 a6 6. Bg5 e6 7. f4 Qb6 8. Nb3 Nbd7 9. Qe2 Qc7 10. O-O-O {[%emt 0:00:02] The position is equal.} b5 {[%emt 0:00:09] B97: Sicilian Najdorf: Poisoned Pawn.} 11. a3 Be7 12. Kb1 Rb8 13. Qe1 Bb7 14. Bd3 h6 15. Bh4 Nc5 16. Nxc5 dxc5 17. e5 Nd5 18. Nxd5 Bxd5 19. Bxe7 Qxe7 20. Be4 {[%emt 0:00:09] [#]} Bxe4 $146 ({Predecessor:} 20... b4 21. a4 b3 22. cxb3 Rxb3 23. Rxd5 exd5 24. Bxd5 Rb4 25. e6 fxe6 26. Bxe6 Qf6 {½-½ Nepomniachtchi,I (2789)-Giri,A (2776) Carlsen Inv KO rapid 2021 (3.23)}) 21. Qxe4 {[%emt 0:00:01] [#] Black must now prevent Qc6+.} O-O $1 22. Rd6 b4 23. a4 b3 24. c3 {[%emt 0:00:24] Repels Rb4} Rfd8 25. Rhd1 ({Don't play} 25. Rxa6 Rd5 26. Rc1 Qd8 $15) 25... Rxd6 26. exd6 $11 {[%emt 0:00:06][%mdl 4096] Endgame KQR-KQR} Qd7 27. g4 Rb6 28. Qe5 Rc6 {[%emt 0:01:55] [#] Hoping for ...f6.} 29. g5 hxg5 30. fxg5 Rc8 31. Qe4 c4 32. g6 fxg6 33. Qxg6 Rf8 {[%emt 0:00:17][%cal Od7d6] Threatens to win with ...Qxd6!} 34. Qg4 Qxa4 35. Qxe6+ Kh8 36. Qh3+ Kg8 37. Qe6+ Kh8 38. Qh3+ Kg8 {[%emt 0:00:01] ( -> ...Qa2+)} 39. Qe6+ {[%emt 0:00:01] A balanced but interesting game.   Weighted Error Value: White=0.01 (flawless) /Black=0.01 (flawless)} 1/2-1/2

[Event "AI Cup Div-1 2023"]
[Site "Online"]
[Date "2023.09.25"]
[Round "1.1"]
[White "Nepomniachtchi, Ian"]
[Black "Giri, Anish"]
[Result "1-0"]
[Annotator "TA"]
[ECO "B52"]
[WhiteElo "2771"]
[BlackElo "2760"]
[PlyCount "87"]
[EventDate "2023.09.18"]
[EventType "k.o."]
[EventCountry "NET"]
[SourceTitle "playchess.com"]
[Source "ChessBase"]
[SourceQuality "1"]
[TimeControl "900+3"]

1. e4 c5 2. Nf3 d6 3. Bb5+ Bd7 4. Bxd7+ Qxd7 5. c4 Nf6 6. Nc3 Nc6 7. d4 cxd4 8. Nxd4 g6 9. O-O Bg7 10. Nf3 {[%emt 0:00:03] B52: Sicilian: Moscow Variation with 3...Bd7.} O-O 11. Bd2 $5 {[%emt 0:00:03][%mdl 4] Exploring less charted territory.} a6 12. Qe2 {[%emt 0:00:16] [#] The position is equal.} Rab8 $146 ({Predecessor:} 12... e6 13. Rfd1 Rfd8 14. Bg5 h6 15. Bf4 Qe7 16. h3 Rac8 17. Rac1 Kh7 18. b3 Ne8 {1-0 Antipov,M (2589)-Zhigalko,A (2545) Wch Rapid St Petersburg 2018 (4)}) 13. Rab1 b5 14. cxb5 axb5 15. Nxb5 Nxe4 {[%emt 0:00:28][%mdl 64] Deflection} 16. Qxe4 Rxb5 17. b4 {[%emt 0:00:01] Hoping for a4.} Ra8 18. Rfc1 d5 19. Qc2 Nd4 (19... Nd8 $1 $11) 20. Nxd4 $14 Bxd4 21. a4 Rbb8 22. b5 Bb6 23. Ra1 $36 {[%emt 0:00:42][%mdl 2048] Black is under strong pressure.} Ba5 (23... Qd8 $16) 24. Bxa5 $18 Rxa5 25. h3 (25. Qc3 $1 $18 Qd8 26. Qb4) 25... d4 $16 26. Qb3 Qa7 (26... d3 $142) 27. Rab1 $1 {[%emt 0:00:22] White is more active.} Qb6 28. Rc4 Rd8 $2 (28... Raa8 $16) 29. Rc6 $18 Qb7 30. Rd1 Raa8 31. Qc4 Qd7 32. Rd3 (32. Qb4 $1 $18) 32... e5 $2 (32... Kg7 $16 {was worth a try.} 33. f4 (33. Rf3 Qd5 $14) 33... Ra7) 33. Rc7 $2 (33. b6 $18 {and the rest is easy.}) 33... Rdc8 $16 34. Rxd7 Rxc4 $14 {[%emt 0:00:02][%mdl 4096] Endgame KRR-KRR} 35. Rf3 {[%emt 0:00:00] b6 would be deadly.} f5 $2 {[%emt 0:00:08][%mdl 8192] [#]} (35... d3 $11) 36. Rb3 $1 $18 {[%emt 0:00:22][%cal Bf3b3,Bb3b6,Bb6d6,Bd6d8,Bd8b8][%mdl 32] White is clearly winning.} Rcxa4 37. b6 {[%emt 0:00:02] Dodges R8a7} Rb8 38. b7 {[%emt 0:00:26] aiming for Rc7.} Rc4 {[%emt 0:00:05] Prevents Rc7.} 39. Rb6 d3 {[%emt 0:00:08] [#]} 40. Rbd6 $1 ({Weaker is} 40. Rxd3 Rc1+ 41. Kh2 Rc7 $16) 40... Rb4 41. Rd8+ ({Not} 41. Rxd3 R8xb7 42. f3 h5 $17) 41... Rxd8 42. Rxd8+ Kf7 43. b8=Q ({Worse is} 43. b8=B Rb1+ 44. Kh2 d2 45. Rxd2 Rxb8 $15) 43... Rxb8 44. Rxb8 {[%emt 0:00:00] Weighted Error Value: White=0.30/Black=0.40} 1-0

[Event "AI Cup Div-1 2023"]
[Site "Online"]
[Date "2023.09.25"]
[Round "1.1"]
[White "Lazavik, Denis"]
[Black "Mamedyarov, Shakhriyar"]
[Result "1/2-1/2"]
[Annotator "TA"]
[ECO "D71"]
[WhiteElo "2560"]
[BlackElo "2734"]
[PlyCount "48"]
[EventDate "2023.09.18"]
[EventType "k.o."]
[EventCountry "NET"]
[SourceTitle "playchess.com"]
[Source "ChessBase"]
[SourceQuality "1"]
[TimeControl "900+3"]

1. d4 Nf6 2. c4 g6 3. g3 d5 4. cxd5 c6 5. dxc6 Nxc6 6. Nf3 {[%emt 0:00:04] D71: Fianchetto Grünfeld: 3 g3 d5 sidelines and 5 cxd5 (without Nf3).} e5 7. e3 {[%emt 0:04:26] [#]} ({Reject} 7. dxe5 Qxd1+ 8. Kxd1 Ng4 $11) (7. Nxe5 Nxe5 8. dxe5 Qxd1+ 9. Kxd1 Ng4 $11) 7... Bb4+ $146 ({Predecessor:} 7... exd4 8. exd4 Bb4+ 9. Nc3 O-O 10. Bg2 Re8+ 11. Kf1 Bf5 12. Bg5 Qd6 13. Kg1 Ne4 14. Nxe4 Bxe4 {½-½ Wang,Y (2669)-Erdos,V (2621) PRO League Stage rapid 2020 (4)}) 8. Bd2 Bxd2+ ({Don't do} 8... exd4 9. Bxb4 Nxb4 10. Nxd4 $16 (10. Qxd4 $2 {too greedy.} Nc2+ 11. Kd1 Nxd4 $19)) 9. Qxd2 exd4 10. Nxd4 Qd5 11. f3 Nxd4 (11... O-O $5 12. Nxc6 Qxc6 $11) 12. Qxd4 Qxd4 13. exd4 Be6 {[%emt 0:00:19] Prevents Bc4.} 14. Nc3 O-O-O 15. Rd1 Kb8 16. Kf2 Rd6 17. Be2 Rhd8 {[%emt 0:00:11] The position is equal.} 18. Rd2 Rxd4 19. Rxd4 Rxd4 20. Rd1 {[%emt 0:00:00] Inhibits Rd2.} Rxd1 21. Bxd1 Kc7 22. Ke3 Nd5+ 23. Nxd5+ Bxd5 24. a3 Kd6 {[%emt 0:00:11] Weighted Error Value: White=0.07 (flawless) /Black=0.03 (flawless)} 1/2-1/2

[Event "AI Cup Div-1 2023"]
[Site "Online"]
[Date "2023.09.25"]
[Round "1.2"]
[White "Nakamura, Hikaru"]
[Black "Carlsen, Magnus"]
[Result "1/2-1/2"]
[Annotator "TA"]
[ECO "D00"]
[WhiteElo "2780"]
[BlackElo "2839"]
[PlyCount "75"]
[EventDate "2023.09.18"]
[EventType "k.o."]
[EventCountry "NET"]
[SourceTitle "playchess.com"]
[Source "ChessBase"]
[SourceQuality "1"]
[TimeControl "900+3"]

1. d4 d5 2. Nc3 Nf6 3. Bf4 c5 4. e4 Nxe4 5. Nb5 Na6 6. f3 {[%emt 0:00:02] [#] D00: 1 d4 d5: Unusual lines.} Nd6 $146 (6... Nf6 $1 $15) ({Predecessor:} 6... Nf6 7. dxc5 Nh5 8. Qd2 Nxf4 9. Qxf4 e6 10. Qg3 Be7 11. Qxg7 Bh4+ 12. g3 Qf6 {1-0 Boguszlavszkij,J (2232)-Vincze,R (2121) Zalakaros op 30th 2011 (2)}) 7. dxc5 $11 Nxb5 8. Bxb5+ {[%emt 0:00:09] White has an edge.} Bd7 9. Bxa6 Qa5+ $1 {[%emt 0:00:02] [#]} 10. b4 $1 Qxa6 11. Qxd5 e6 {[%emt 0:00:15] Black is weak on the dark squares} 12. Qb3 Be7 13. a4 O-O (13... Bf6 $5 14. Ra3 e5 $11) 14. Be5 Qc6 (14... f6 $5 15. Bb2 Be8 $11) 15. Ne2 a5 16. c3 (16. Nd4 $5 Qd5 17. Qxd5 exd5 18. c3 $14) 16... axb4 17. cxb4 Rxa4 18. Rd1 (18. Qxa4 $11 Qxa4 19. Rxa4 Bxa4 20. Kf2) 18... Qb5 $17 19. Rb1 $1 (19. Nc3 Rxb4 20. Nxb5 Rxb3 21. Rxd7 Rxb5 $17) 19... Qa6 20. Bb2 {[%emt 0:00:07] Prevents Ra3} (20. Kf2 $15) 20... b6 (20... Rc8 $19 21. h4 e5) 21. Nc3 bxc5 (21... Qd3 $17 22. Qd1 Qe3+ 23. Qe2 Qxe2+ 24. Kxe2 Rxb4 25. cxb6 Rxb6) 22. Nxa4 $11 Bxa4 23. Qc3 ({White should play} 23. b5 $1 $11 Bh4+ 24. g3) 23... Bf6 (23... f6 $15 24. bxc5 Rb8) 24. Qe3 Bh4+ {[%emt 0:01:10] A strong pair of Bishops.} 25. g3 {[%emt 0:00:02] Strongly threatening Bxg7.} Be7 $1 26. bxc5 Rb8 (26... Qa5+ 27. Bc3 Qxc5 28. Qxc5 Bxc5 29. Ke2 $16) (26... Rd8 $15 27. Be5 (27. Kf2 $2 Rd3 $19) 27... Be8) 27. Kf2 $16 {[%emt 0:00:52][%cal Be1f2,Bf2g2,Bg2h3][%mdl 32] Threatens to win with Qe5.} ({But not} 27. Qe5 Qa5+ 28. Kf1 Qb5+ 29. Kg2 Bf6 $11) 27... Qc4 $2 {[%emt 0:00:46] This costs Black the game.} (27... Bc6 $16 {was worth a try.}) 28. Rhc1 $18 Bc2 {[%emt 0:00:02] [#]} (28... Qd5 $142 29. Qd4 f6 30. Qxd5 (30. Qxa4 $2 {too greedy.} Qd2+ 31. Kg1 Rxb2 $19) 30... exd5) 29. Qd2 $1 ({Inferior is} 29. Qe5 Qxc5+ 30. Ke2 Qxe5+ 31. Bxe5 Rxb1 $17) 29... Qxc5+ 30. Kg2 {[%emt 0:00:01] Black must now prevent Ba3.} Bxb1 31. Rxc5 Bxc5 32. Be5 Ra8 33. Qc1 Ra2+ 34. Kh3 Bc2 35. Bb2 Rxb2 (35... Bf5+ $2 36. g4 Bxg4+ 37. fxg4 $18) 36. Qxb2 Bg6 37. Qb8+ Bf8 38. Kg2 {[%emt 0:00:04] Weighted Error Value: White=0.26 (precise) /Black=0.43} 1/2-1/2

[Event "AI Cup Div-1 2023"]
[Site "Online"]
[Date "2023.09.25"]
[Round "1.2"]
[White "Giri, Anish"]
[Black "Nepomniachtchi, Ian"]
[Result "0-1"]
[Annotator "TA"]
[ECO "D00"]
[WhiteElo "2760"]
[BlackElo "2771"]
[PlyCount "102"]
[EventDate "2023.09.18"]
[EventType "k.o."]
[EventCountry "NET"]
[SourceTitle "playchess.com"]
[Source "ChessBase"]
[SourceQuality "1"]
[TimeControl "900+3"]

1. d4 Nf6 2. Bf4 d5 3. e3 c5 4. Nd2 Nc6 5. c3 Bf5 6. Qb3 {[%emt 0:00:05] D00: 1 d4 d5: Unusual lines.} Qb6 7. dxc5 Qxb3 8. axb3 {[%emt 0:00:44] White is slightly better.} e5 9. Bg5 (9. Bg3 $14) 9... Bxc5 $11 10. Bxf6 gxf6 11. b4 Bb6 12. Ngf3 O-O-O 13. Bb5 {[%emt 0:01:14] [#]} Kb8 $146 ({Predecessor:} 13... Rhg8 14. Nh4 Be6 15. O-O d4 16. exd4 exd4 17. Ndf3 Ne5 18. Rfe1 a6 19. Bf1 dxc3 20. bxc3 {0-1 Bonino,M (1946)-Michalczak,T (2325) Stein am Rhein op 2nd 2014 (2)}) 14. O-O Rhg8 15. Rfe1 Be6 16. Ba4 (16. Bxc6 $11 bxc6 17. Ra4) 16... d4 ({Better is} 16... e4 $15 17. Nd4 Nxd4 18. cxd4 f5) 17. exd4 $1 exd4 18. Ne4 dxc3 (18... Ne5 {simplifies} 19. Nxe5 fxe5 20. g3 h5) 19. bxc3 Rd3 20. Nxf6 Rg6 21. Bxc6 {[%emt 0:00:03][%cal Oe1e6] [#] Hoping for Rxe6!} (21. Nxh7 $2 Rxf3 22. Bxc6 bxc6 $19) 21... bxc6 (21... Rxf6 {simplifies} 22. Be4 Rxc3 23. Bxh7 Rf4) 22. Rxe6 fxe6 23. Ne5 {[%emt 0:00:01] A dynamic duo of knights.} Rxc3 {[%emt 0:00:58] aiming for ...Rg7.} 24. Nxg6 hxg6 {[%emt 0:00:00][%mdl 4096] Endgame KRB-KRN} 25. g3 (25. Nd7+ $11 Kc7 26. Nxb6 axb6 27. Kf1) 25... Kc7 (25... Bd4 $17 26. Nd7+ Kc7) 26. Re1 (26. Rb1 $11 {remains equal.}) 26... Rc2 27. Ng4 Kd6 (27... Rc4 $15 28. Ne5 Rxb4 29. Nxg6 Rb2 30. Rxe6 Rxf2) 28. Rd1+ Ke7 29. Kg2 Rb2 30. h4 Rxb4 31. Ne5 Kf6 32. Nd7+ (32. f4 $11) 32... Kf5 $15 33. Re1 {[%emt 0:00:02] White wants to mate with Re5+.} Bd4 {[%emt 0:00:03] Wards off Re5+} 34. Kh3 $2 {[%emt 0:00:07] Now White is beyond hope.} (34. g4+ $15 Kxg4 35. Rxe6) 34... e5 $19 (34... Bxf2 $2 35. Re5#) 35. g4+ Ke6 36. Nf8+ Kf7 37. Nd7 {[%emt 0:00:01] [#]} Rb5 {[%emt 0:00:16] White must now prevent ...Ke7.} (37... Bxf2 38. Rf1 Rb2 39. Nxe5+ Kg7 40. h5 $15) 38. h5 $2 (38. Re4 {was forced.}) 38... gxh5 {[%emt 0:00:13] Black is clearly winning.} (38... Bxf2 39. Rf1 gxh5 40. Rxf2+ Ke7 41. Nf6 hxg4+ 42. Kxg4 $11) 39. gxh5 (39. Rc1 $142 hxg4+ 40. Kxg4) 39... Ke7 (39... Bxf2 40. Rf1 Ke7 41. Rxf2 Kxd7 42. h6 $11) 40. h6 Kxd7 {[%emt 0:00:01] KRB-KR} 41. h7 Rb8 {[%emt 0:00:02] ...Rh8 would be deadly.} (41... Bxf2 $2 42. Rd1+ (42. h8=R $2 {loses.} Rb3+ 43. Kg2 Bxe1 $19) 42... Rd5 43. Rxd5+ (43. h8=R $2 Rxd1 44. Rh7+ Kd6 $19) 43... cxd5 44. h8=Q $18 (44. h8=R $2 Kd6 $19)) 42. Kg4 Rh8 43. Rh1 Ke6 44. Kg5 Kf7 45. Rh6 c5 46. Rc6 e4 ({Worse is} 46... Rxh7 47. Rc7+ Ke6 48. Rxh7 $19) 47. Kf5 Rxh7 (47... Bxf2 48. Rc7+ Kf8 49. Kxe4 $19) 48. Rc7+ Kg8 49. Rc8+ Kg7 50. Rc7+ Kh6 51. Rc6+ Kh5 {[%emt 0:00:01] Weighted Error Value: White=0.55/Black=0.28 (precise)} 0-1

[Event "AI Cup Div-1 2023"]
[Site "Online"]
[Date "2023.09.25"]
[Round "1.2"]
[White "Mamedyarov, Shakhriyar"]
[Black "Lazavik, Denis"]
[Result "1/2-1/2"]
[Annotator "TA"]
[ECO "D37"]
[WhiteElo "2734"]
[BlackElo "2560"]
[PlyCount "80"]
[EventDate "2023.09.18"]
[EventType "k.o."]
[EventCountry "NET"]
[SourceTitle "playchess.com"]
[Source "ChessBase"]
[SourceQuality "1"]
[TimeControl "900+3"]

1. d4 Nf6 2. c4 e6 3. Nf3 d5 4. Nc3 Be7 5. Bf4 O-O 6. e3 Nbd7 7. c5 {[%emt 0:00:04] D37: Queen's Gambit Declined: 5 Bf4.} c6 8. b4 b6 9. h4 $1 {[%emt 0:00:06][%mdl 4] White has an edge. is more profitable than 9.Bd3 at the moment.} h6 10. Bd3 a5 11. a3 Ba6 {[%emt 0:00:02] [#] ...Bxd3 would be deadly.} 12. b5 $146 ({Predecessor:} 12. Bxa6 Rxa6 13. b5 cxb5 14. c6 Qc8 15. c7 b4 16. Nb5 a4 17. Qc1 Ne4 18. Qc6 Nb8 19. cxb8=N Ra5 20. O-O g5 21. hxg5 hxg5 22. Bc7 {1-0 Makkar,R (2399)-Berry,N (2240) Newcastle EJCOA 4th 2022 (1)}) 12... Bb7 13. cxb6 Qxb6 14. O-O Rfc8 15. bxc6 (15. Ne5 {looks sharper.} Nxe5 16. dxe5 Ne4 17. Bxe4 cxb5 18. Nxd5 Bxd5 19. Bxd5 exd5 20. Qxd5 Rd8 21. Qf3) 15... Bxc6 ({Much weaker is} 15... Qxc6 16. Nb5 $11) 16. Ne5 Nxe5 17. Bxe5 Nd7 18. Bf4 Qd8 (18... a4 $15) 19. g3 (19. Qe2 $11 {remains equal.}) 19... a4 $17 20. Qe2 Qa5 {[%emt 0:00:29] Repels Ba6} 21. Nb5 {[%emt 0:01:06] [#]} Bxb5 $1 22. Bxb5 Nf6 23. Be5 Ne4 24. Bd3 Qd2 (24... Bf8 $17 {Hoping for ...Qd2.} 25. Bxe4 dxe4) 25. Qg4 $1 $11 Nf6 26. Bxf6 Bxf6 27. Rfd1 Qc3 28. Qe2 Rab8 29. Bb5 Qa5 30. Rdb1 Be7 31. Bd7 Rd8 {[%emt 0:02:07] White must now prevent ...Rxb1+.} 32. Rxb8 Rxb8 33. Qc2 Ra8 34. Rb1 Bxa3 35. Bc6 Ra7 {[%emt 0:02:34] aiming for ...Bd6.} 36. Rb5 $2 ({Not} 36. Rb8+ $2 Bf8 37. Kg2 a3 $19) (36. Ra1 $1 $11 {and White stays safe.} Qb4 37. Kg2) 36... Qc7 (36... Qe1+ $19 37. Kg2 Bd6) 37. Rb1 $15 Bf8 ({Black should try} 37... Bd6 $15 38. Bxa4 Bxg3 {[%mdl 64] Demolition}) 38. Bxa4 $11 {[%emt 0:00:02] The position is equal.} Qxc2 39. Bxc2 h5 40. Kg2 g6 {[%emt 0:00:03] Weighted Error Value: White=0.16 (very precise) /Black=0.15 (very precise)} 1/2-1/2

[Event "AI Cup Div-1 2023"]
[Site "Online"]
[Date "2023.09.25"]
[Round "1.2"]
[White "Vachier-Lagrave, Maxime"]
[Black "Firouzja, Alireza"]
[Result "1/2-1/2"]
[Annotator "TA"]
[ECO "C43"]
[WhiteElo "2727"]
[BlackElo "2777"]
[PlyCount "61"]
[EventDate "2023.09.18"]
[EventType "k.o."]
[EventCountry "NET"]
[SourceTitle "playchess.com"]
[Source "ChessBase"]
[SourceQuality "1"]
[TimeControl "900+3"]

1. e4 e5 2. Nf3 Nf6 3. d4 Nxe4 4. Bd3 d5 5. Nxe5 Nd7 6. Nc3 Nxc3 7. bxc3 Bd6 8. O-O O-O 9. Re1 c5 $1 {[%emt 0:00:03] The main line 9...c5 scores better than 9...Bxe5. C43: Petroff Defence: 3 d4.} 10. Nxd7 Qxd7 11. dxc5 Bxc5 12. Qh5 {[%emt 0:00:13][%csl Gd3][%cal Rh5h7] [#]} h6 {[%emt 0:00:12] [#]} 13. Bb2 $146 ({Predecessor:} 13. Be3 Bxe3 14. Rxe3 Qd6 15. Qh4 Bd7 16. Qd4 Rfe8 17. Rxe8+ Bxe8 18. c4 Bc6 19. Be4 {½-½ Sevian,S (2654)-Dominguez Perez,L (2760) USA-ch Saint Louis 2021 (8)}) 13... Qc6 (13... Qd6 {simplifies} 14. Qh4 Qd8 15. Qxd8 Rxd8 16. a4 Bd7) 14. Re2 Qb6 15. Bc1 {[%emt 0:00:17] The position is equal.} Qd6 16. Bg5 Qc6 (16... hxg5 $2 17. Qh7#) 17. Rae1 Bd7 18. Bf4 Rae8 19. h3 Rxe2 20. Rxe2 Re8 21. Rxe8+ Bxe8 22. Qf5 {[%emt 0:00:01] [#] Black must now prevent Qh7+.} g6 23. Qe5 Bf8 24. Qe3 a6 25. h4 Bd7 26. Bxh6 Bxh6 27. Qxh6 Qxc3 28. Qg5 {[%emt 0:00:17] Qd8+ would be deadly.} Bb5 29. Bxb5 axb5 30. h5 Qxc2 {[%emt 0:00:49] Threatens to win with ...Qd1+.} 31. Qxd5 {[%emt 0:00:22] An interesting draw.   Weighted Error Value: White=0.05 (flawless) /Black=0.05 (flawless)} 1/2-1/2

[Event "AI Cup Div-1 2023"]
[Site "Online"]
[Date "2023.09.25"]
[Round "1.3"]
[White "Carlsen, Magnus"]
[Black "Nakamura, Hikaru"]
[Result "1-0"]
[Annotator "TA"]
[ECO "E94"]
[WhiteElo "2839"]
[BlackElo "2780"]
[PlyCount "81"]
[EventDate "2023.09.18"]
[EventType "k.o."]
[EventCountry "NET"]
[SourceTitle "playchess.com"]
[Source "ChessBase"]
[SourceQuality "1"]
[TimeControl "900+3"]

1. Nf3 Nf6 2. c4 d6 3. Nc3 g6 4. e4 Bg7 5. d4 O-O 6. Be2 Na6 7. O-O e5 8. Be3 Ng4 9. Bg5 Qe8 10. dxe5 dxe5 11. Qc1 {[%emt 0:00:00] E94: King's Indian: Classical: 6 Be2 e5 7 0-0: Various Black 7th moves.} (11. h3 $5 f6 12. Qd5+ Rf7 13. Bd2 $14 (13. hxg4 c6 $11)) 11... h6 (11... c6 12. Rd1 f6 13. Bd2 f5 14. h3 Nf6 15. exf5 Bxf5 16. Bh6 Bxh6 17. Qxh6 e4 18. Nh4 Qe5 19. g4 Be6 20. Qe3 Rae8 21. f4 Qc5 22. Ng2 h5 23. Qxc5 Nxc5 24. Ne3 hxg4 25. hxg4 Nfd7 26. Rf1 Re7 {0-1 Carlsen,M (2776)-Nakamura,H (2699) Gjovik Aker CC Rapid 2009 (3)}) 12. Bd2 Kh7 {[%emt 0:00:02] [#]} 13. c5 c6 (13... Nxc5 $11 14. Nd5 {[%mdl 64] Discovered Attack} Qc6) 14. Bxa6 $16 bxa6 15. h3 Nf6 16. Rd1 Qe7 17. Be3 Ne8 18. Qc2 f5 19. exf5 gxf5 20. Re1 {[%emt 0:00:01] [#]} Qf7 $146 ({Predecessor:} 20... Rg8 21. Rad1 Bf6 22. g3 Qg7 23. Kh2 Kh8 24. Rg1 Qf7 25. Nd2 Nc7 26. f4 e4 {1-0 Yanayt,E (2217)-Atoufi,P (2279) USA tt ICC INT 2011 (9)}) 21. Rad1 Rg8 22. Ne2 {[%emt 0:01:22] White is much more active. The black rooks are badly placed.} Be6 23. Ng3 Kh8 {[%emt 0:01:56] [#] White leaves nothing to chance now.} ({Black should play} 23... e4 $14 24. Nd4 Bxd4 25. Rxd4 (25. Bxd4 Bxa2 26. Ra1 Bb3 $14) 25... Bd5) 24. Nh4 (24. Qc3 $1 $18 {has better winning chances.}) 24... Rf8 {[%emt 0:00:06] [#]} (24... e4 $142) 25. Bd2 $1 $36 {[%emt 0:00:18][%mdl 2048] And now Bc3 would win. White has strong initiative.} f4 (25... e4 $16) 26. Ng6+ $18 Kg8 27. Nh5 {[%emt 0:00:28] A dynamic duo of knights.} (27. Nxe5 Bxe5 28. Rxe5 fxg3 29. fxg3 Qf2+ 30. Kh2 Ng7 $11) (27. Nxf8 fxg3 28. fxg3 Qxf8 $16) 27... Bh8 (27... Bf5 {was called for.} 28. Qxf5 {[%mdl 64] Decoy} Qxf5 29. Ne7+ (29. Nxf8 $2 {loses.} Bxf8 30. g4 fxg3 $19 {[%mdl 64] Discovered Attack}) 29... Kh8 30. Nxf5 Rxf5) 28. Nxf8 ({Less strong is} 28. Nxe5 Qxh5 29. Nxc6 Bf5 30. Qc4+ Kh7 $16) 28... Kxf8 29. g4 {[%emt 0:00:01] Black must now prevent Bc3.} fxg3 30. Bxh6+ Kg8 31. Nxg3 Bxa2 32. Qe4 Bd5 33. Qg4+ Kh7 34. Qh4 Kg8 35. Ne4 Qf5 (35... Bf6 $142 36. Nxf6+ Qxf6 37. Qg3+ Ng7) 36. Rd3 Ng7 37. Nf6+ Kf7 38. Nxd5 Qxd3 {[%emt 0:00:01] Black is weak on the dark squares} 39. Qe7+ {[%emt 0:00:03] White mates.} Kg6 40. Qd6+ Kf7 41. Qd7+ {[%emt 0:00:03] A cool game by Carlsen.   Weighted Error Value: White=0.29 (precise) /Black=0.62} 1-0